 Dungeon Crawl Stone Soup version 0.31-a0-246-g8cbcc1cb85 (webtiles) character file.

Game seed: 18128072512177199308

155 qw the Shooter (level 5, -1/30 HPs)
             Began as a Gargoyle Hexslinger on July 12, 2023.
             Slain by an orc
             ... wielding a +0 hand axe
              (4 damage)
             ... on level 3 of the Dungeon.
             The game lasted 00:00:56 (1966 turns).

qw the Shooter (Gargoyle Hexslinger)                Turns: 1966, Time: 00:00:57

Health: -1/30      AC:  9    Str: 11    XL:     5   Next: 37%
Magic:  6/6        EV: 10    Int: 14    God:
Gold:   73         SH:  0    Dex: 14    Spells: 5/6 levels left

rFire   . . .        Y - +1 sling
rCold   . . .        (no shield)
rNeg    + . .        h - +0 ring mail
rPois   inf          (no helmet)
rElec   +            (no cloak)
rCorr   .            (no gloves)
SInv    .            (no boots)
Will    .....        (no amulet)
Stlth   +            (no ring)
HPRegen 0.25/turn    (no ring)
MPRegen 0.10/turn

%: no passive effects
@: no status effects
A: sickness immunity, AC +4, negative energy resistance 1, electricity
resistance, torment resistance 1, petrification resistance
a: no special abilities


You were on level 3 of the Dungeon.
You visited 1 branch of the dungeon, and saw 3 of its levels.

You collected 73 gold pieces.


Innate Abilities, Weirdness & Mutations

You are immune to sickness and miasma.
Your stone body is resilient. (AC +4)
You are immune to poison.
You resist negative energy. (rN+)
You are resistant to electric shocks. (rElec)
You are resistant to unholy torment.
You are immune to petrification.


   Skills:
 - Level 2.0 Fighting
 + Level 4.9 Ranged Weapons
 - Level 1.3 Armour
 - Level 1.5 Dodging
 - Level 1.0 Spellcasting
 - Level 2.6 Hexes


You had 5 spell levels left.
You knew the following spells:

 Your Spells              Type           Power      Damage    Failure   Level
a - Slow                  Hex            32%        N/A       21%         1

Your spell library contained the following spells:

 Spells                   Type           Power      Damage    Failure   Level
 Inner Flame              Hex/Fire       4%         N/A       71%         3
 Portal Projectile        Hex/Tloc       8%         N/A       71%         3
 Cause Fear               Hex            4%         N/A       90%         4

Inventory:

Hand Weapons
 Y - a +1 sling (weapon)
Armour
 h - a +0 ring mail (worn)
Scrolls
 a - a scroll of enchant armour {unknown}
 c - a scroll of enchant weapon {unknown}
 g - 2 scrolls of identify
Potions
 b - a potion of brilliance {unknown}
 e - a potion of might
 i - a potion of curing

Dungeon Overview and Level Annotations

Branches:
Dungeon (3/15)

Altars:
Ru


Message History

Enter note: You shoot a sling bullet.
The orc shouts!
The sling bullet hits the orc but does no damage.
You shoot a sling bullet.
The sling bullet hits the orc but does no damage.
An orc comes into view. It is wielding a +0 hand axe.
The orc moves out of view.
You shoot a sling bullet. The sling bullet barely misses the orc.
An orc comes into view. It is wielding a +0 morningstar.
You shoot a sling bullet. The sling bullet barely misses the orc.
The orc shouts!
The orc closely misses you.
You shoot a sling bullet. The sling bullet hits the orc.
The orc is moderately wounded.
The orc completely misses you. The orc hits you with a +0 club.
You shoot a sling bullet.
The sling bullet hits the orc but does no damage.
The orc is moderately wounded.
The orc hits you with a +0 hand axe. The orc barely misses you.
You shoot a sling bullet.
The sling bullet closely misses the orc.
The orc hits you but does no damage. x2
You shoot a sling bullet.
The sling bullet closely misses the orc.
The orc hits you but does no damage. The orc barely misses you. x2
The orc hits you with a +0 morningstar. The orc hits you but does no damage. x2
You shoot a sling bullet. The sling bullet hits the orc.
The orc is heavily wounded.
The orc barely misses you. The orc hits you with a +0 morningstar!
The orc hits you but does no damage.
You shoot a sling bullet.
The sling bullet closely misses the orc.
The orc hits you with a +0 hand axe. The orc closely misses you.
The orc hits you with a +0 club.
You shoot a sling bullet. The sling bullet hits the orc.
The orc is almost dead.
The orc closely misses you. x2; The orc hits you but does no damage.
The orc barely misses you. The orc hits you with a +0 hand axe.
You die...

#####.#...))......#
#.####.######.... #.# #.#
... #.# #.## ..# #.####..#
..### #....%..#####.....
#...#...........#
#.######.oo..##########
#...#..#.@o.)#..#......
#...#..#.###.#..#...#
#......'..#..'.....#
#....)#########....#
#......+._#..+.....#
#...~..~.###.#..#..#
#...~..~.....#..#..######.
#.~~~~~~.....######.......
#...~...........#.%#.#####


You could see 3 orcs.

Vanquished Creatures
  3 gnolls (D:3)
  6 adders
  2 worms
  5 bats
  9 endoplasms
  2 giant cockroaches
  6 goblins
  4 hobgoblins
  4 jackals (D:3)
  6 quokkas
  6 ball pythons
  4 frilled lizards
  4 kobolds (D:1)
  3 rats (D:1)
64 creatures vanquished.

Notes
Turn   | Place    | Note
-------+----------+-------------------------------------------
     0 | D:1      | qw the Gargoyle Hexslinger began the quest for the Orb.
     0 | D:1      | Reached XP level 1. HP: 12/12 MP: 2/2
     0 | D:1      | 0 ||| qw: Version: 0.3-a-52-g30416fa
     0 | D:1      | 0 ||| qw: Game counter: 6358
     0 | D:1      | 0 ||| qw: Melee chars always use a shield: true
     0 | D:1      | 0 ||| qw: God list: Okawaru
     0 | D:1      | 0 ||| qw: Allow faded altars: false
     0 | D:1      | 0 ||| qw: Do Orc after clearing Dungeon:15 true
     0 | D:1      | 0 ||| qw: Do second Lair branch before Depths: true
     0 | D:1      | 0 ||| qw: Lair rune preference: random
     0 | D:1      | 0 ||| qw: Goals: Normal
     0 | D:1      | 0 ||| PLANNING D:1-11
    64 | D:1      | Reached XP level 2. HP: 14/16 MP: 3/3
   129 | D:1      | Reached skill level 3 in Ranged Weapons
   364 | D:1      | Reached XP level 3. HP: 21/21 MP: 4/4
   458 | D:1      | 458 ||| FLEEEEING.
   459 | D:1      | 459 ||| FLEEEEING.
   681 | D:1      | 681 ||| UPGRADING to +0 leather armour.
   691 | D:1      | 691 ||| DROPPING +0 robe.
   692 | D:1      | 692 ||| UPGRADING to +0 ring mail.
   702 | D:1      | 702 ||| DROPPING +0 leather armour.
   703 | D:1      | 703 ||| READING scroll labelled OMEFUOJEUW.
   704 | D:1      | 704 ||| READING 3 scrolls labelled JOAPNO PYROM.
   705 | D:1      | 705 ||| DRINKING 2 yellow potions.
   706 | D:1      | 706 ||| READING 2 scrolls of identify.
   706 | D:1      | 706 ||| IDENTIFYING sapphire potion
   707 | D:1      | 707 ||| DROPPING scroll of poison.
  1165 | D:2      | Reached skill level 4 in Ranged Weapons
  1165 | D:2      | Reached XP level 4. HP: 26/26 MP: 5/5
  1283 | D:2      | Found a faded altar of an unknown god.
  1453 | D:2      | 1453 ||| READING 2 scrolls of identify.
  1453 | D:2      | 1453 ||| IDENTIFYING viscous purple potion
  1454 | D:2      | 1454 ||| DROPPING potion of attraction.
  1529 | D:3      | Reached skill level 1 in Armour
  1647 | D:3      | 1647 ||| FLEEEEING.
  1648 | D:3      | 1648 ||| FLEEEEING.
  1724 | D:3      | Reached XP level 5. HP: 24/30 MP: 6/6
  1932 | D:3      | Found a sacrificial altar of Ru.
  1965 | D:3      | HP: 7/30 [orc/+0 hand axe (5)]
  1965 | D:3      | HP: 3/30 [orc/+0 club (4)]
  1966 | D:3      | Slain by an orc

Levels and vault maps discovered:
D:1:      lightli_arrival_statuegarden, layout_basic
D:2:      layout_basic, dilly_ecumenical_altar_fadedgnrine, minmay_cut_off
D:3:      layout_loops_ring, hangedman_ru_absence, grunt_decor_fettered

Skill      XL: |  1  2  3  4 |
---------------+-------------+-----
Ranged Weapons | 3 4 |  4.9
Fighting       | 2 |  2.0
Armour         | 1 |  1.3
Dodging        | |  1.5
Spellcasting   | |  1.0
Hexes          | |  2.6

Action                     |  1- 3 |  4- 6 || total
---------------------------+-------+-------++-------
   Fire: Sling             |   140 |   117 ||   257
    Use: Scroll            |     3 |     1 ||     4
         Potion            |     1 |       ||     1
 Armour: Robe              |     8 |       ||     8
         Ring mail         |     9 |    43 ||    52
  Dodge: Dodged            |    27 |    70 ||    97

Table legend:
 A = Non-vault XP
 B = Vault XP
 C = Vault XP percentage of total XP
 D = Non-vault monster count
 E = Vault monster count
 F = Vault count percentage of total count
                 A         B        C        D         E       F
            +---------+---------+-------+---------+---------+-------
      Total |     214 |       8 |   3.6 |      60 |       4 |   6.2
            +---------+---------+-------+---------+---------+-------
        D:1 |      51 |       0 |   0.0 |      33 |       0 |   0.0
        D:2 |      36 |       8 |  18.2 |       5 |       4 |  44.4
        D:3 |     127 |       0 |   0.0 |      22 |       0 |   0.0
            +---------+---------+-------+---------+---------+-------
